 Dungeon Crawl Stone Soup version 0.28.0-45-g0d030f2227 (webtiles) character file.

Game seed: 13440003986832394297

65 Peloso the Covered (level 3, -1/33 HPs)
             Began as a Minotaur Fighter on Apr 20, 2022.
             Slain by an orc wizard
             ... wielding a +0 dagger of speed
              (3 damage)
             ... on level 3 of the Dungeon.
             The game lasted 00:03:14 (1649 turns).

Peloso the Covered (Minotaur Fighter)               Turns: 1649, Time: 00:03:15

Health: -1/33      AC:  7    Str: 20    XL:     3   Next: 94%
Magic:  2/2        EV:  9    Int:  5    God:
Gold:   112        SH:  4    Dex: 11    Spells: 2/2 levels left

rFire   . . .      SeeInvis .   a - +0 long sword
rCold   . . .      Faith    .   c - +0 buckler
rNeg    . . .      Spirit   .   b - +0 scale mail
rPois   .          Reflect  .   (helmet restricted)
rElec   .          Harm     .   (no cloak)
rCorr   .          Rampage  .   (no gloves)
Will    .....                   (no boots)
Stlth   ..........              (no amulet)
HPRegen 0.11/turn               (no ring)
MPRegen 0.08/turn               (no ring)

@: attractive
A: horns 2, retaliatory headbutt
a: no special abilities


You were on level 3 of the Dungeon.
You visited 1 branch of the dungeon, and saw 3 of its levels.

You collected 112 gold pieces.

Inventory:

Hand Weapons
 a - a +0 long sword (weapon)
Armour
 b - a +0 scale mail (worn)
 c - a +0 buckler (worn)
Jewellery
 h - an amulet of faith
Scrolls
 e - a scroll of identify
 f - a scroll of silence {unknown}
 i - a scroll of enchant armour {unknown}
 j - a scroll of brand weapon {unknown}
 k - a scroll of acquirement {unknown}
 l - a scroll of fog {unknown}
Potions
 d - 4 potions of might
 g - a potion of attraction
 m - a potion of resistance {unknown}


   Skills:
 + Level 4.0 Fighting
 + Level 3.4 Long Blades
 + Level 4.5 Armour
 + Level 0.1 Dodging
 + Level 4.2 Shields


You had 2 spell levels left.
You didn't know any spells.
Your spell library was empty.

Dungeon Overview and Level Annotations

Branches:
Dungeon (3/15)

Altars:

Shops:
D:2 (


Innate Abilities, Weirdness & Mutations

You have a pair of horns on your head.
You reflexively headbutt those who attack you in melee.


Message History

You barely miss something. You block something's attack.
You hear some strange, mumbled words.
You are confused.
You closely miss something.
Something hits you but does no damage. x2
You bump into the rock wall.
You hear some strange, mumbled words.
A magic dart appears from out of thin air!
The magic dart hits you.
You closely miss something. Your headbutt misses something.
Something completely misses you.
You barely miss something. Your headbutt misses something.
An orc wizard appears from thin air!
Reactivating autopickup.
The orc wizard casts a spell at you.
You are more confused.
The orc wizard hits you but does no damage.
You closely miss the orc wizard. Your headbutt misses the orc wizard.
The orc wizard is severely wounded.
The orc wizard hits you with a +0 dagger of speed.
You bump into the rock wall.
The orc wizard barely misses you.
The orc wizard hits you with a +0 dagger of speed.
* * * LOW HITPOINT WARNING * * *
You bump into the rock wall.
The orc wizard points at you and mumbles some strange words.
You resist with significant effort.
You barely miss the orc wizard. Your headbutt misses the orc wizard.
The orc wizard is severely wounded.
The orc wizard casts a spell at you. The magic dart hits you.
* * * LOW HITPOINT WARNING * * *
You bump into the rock wall.
The orc wizard points at you and mumbles some strange words.
The magic dart hits you.
* * * LOW HITPOINT WARNING * * *
Unknown command.
It was a potion of attraction.
You feel attractive to monsters.
You feel less confused. You block the orc wizard's attack.
The orc wizard hits you with a +0 dagger of speed.
You die...

.. ##.#### .....# #
##..#.# ... ...#.#
#### .....##g#.####
.... ....oo.{o....#
.... .....#####o#.#
.... ...
#..@oo#.######### #. #
#.###.#.........####
#......)#####.##....
###.......'.# #.##....
..........#.###.##....
..........'...#.#.....
.....[....#####.#.....
................#.....
..........#######.....


You could see an orc wizard and 2 orcs.

Vanquished Creatures
  2 adders (D:3)
  A worm (D:3)
  An orc (D:3)
  2 endoplasms
  2 giant cockroaches
  4 goblins
  7 hobgoblins
  2 quokkas
  3 ball pythons (D:1)
  3 bats (D:1)
  3 frilled lizards (D:2)
  10 kobolds
  A rat (D:2)
41 creatures vanquished.

Vanquished Creatures (others)
  11 plants (D:2)
11 creatures vanquished.

Grand Total: 52 creatures vanquished

Notes
Turn   | Place    | Note
-------+----------+-------------------------------------------
     0 | D:1      | Peloso the Minotaur Fighter began the quest for the Orb.
     0 | D:1      | Reached XP level 1. HP: 19/19 MP: 0/0
   226 | D:1      | Reached XP level 2. HP: 27/27 MP: 1/1
   883 | D:2      | Found Nyong's Antique Weapon Emporium.
  1179 | D:2      | Reached XP level 3. HP: 30/33 MP: 2/2
  1310 | D:3      | Found a faded altar of an unknown god.
  1612 | D:3      | Identified the +9 mace of the Pharaoh's Fist {drain, Contam
                  | rPois Dex+5}
  1649 | D:3      | Slain by an orc wizard

Illustrated notes

Levels and vault maps discovered:
D:1:      dpeg_arrival_long_road, layout_basic, minivault_26
D:2:      layout_rooms, serial_shops, nicolae_shop_hallway_stairs,
          lexackson_kobold_supper
D:3:      layout_basic, shapermc_ecumenical_altar_venn, minmay_distorted

Skill      XL: |  1  2  3 |
---------------+----------+-----
Armour         | 4 |  4.5
Shields        | 4 |  4.2
Fighting       | 4 |  4.0
Long Blades    | 3 |  3.4
Dodging        | |  0.1

Action                   || total
-------------------------++-------
Melee: Long sword        ||   129
       Headbutt          ||    20
  Use: Scroll            ||     5
       Potion            ||     3
Armor: Scale mail        ||    59
Dodge: Dodged            ||    55
Block: Buckler           ||    30
